 Dungeon Crawl Stone Soup version 0.23.2 (webtiles) character file.

Game seed: 6597625214586415110

45 Menchi the Sneak (level 3, -2/21 HPs)
             Began as a Kobold Assassin on Apr 10, 2019.
             Slain by a gnoll
             ... wielding a +0 spear of venom
              (4 damage)
             ... on level 2 of the Dungeon.
             The game lasted 00:02:11 (1239 turns).

Menchi the Sneak (Kobold Assassin)                  Turns: 1239, Time: 00:02:11

Health: -2/21      AC:  3    Str:  9    XL:     3   Next: 90%
Magic:  3/3        EV: 15    Int: 12    God:
Gold:   18         SH:  0    Dex: 16    Spells: 2/2 levels left

rFire    . . .     SeeInvis .   a - +2 dagger
rCold    . . .     Gourm    .   (shield restricted)
rNeg     . . .     Faith    .   c - +0 robe
rPois    .         Spirit   .   (no helmet)
rElec    +         Reflect  .   d - +0 cloak
rCorr    +         Harm     .   (no gloves)
MR       .....     Rnd*Tele +   (no boots)
Stlth    ++++......             (no amulet)
HPRegen  0.07/turn              l - ring of resist corrosion
MPRegen  0.08/turn              (no ring)

@: lethally poisoned (-2 -> -13), flying
A: small, carnivore, mutation resistance 1, electricity resistance, teleportitis
1
a: no special abilities


You were on level 2 of the Dungeon.
You were completely stuffed.

You visited 1 branch of the dungeon, and saw 2 of its levels.

You collected 18 gold pieces.

Inventory:

Hand Weapons
 a - a +2 dagger (weapon)
 b - a +0 blowgun
Missiles
 e - 8 poisoned needles
 f - 2 curare-tipped needles
Armour
 c - a +0 robe (worn)
 d - a +0 cloak (worn)
Jewellery
 l - a ring of resist corrosion (left hand)
Scrolls
 h - a scroll of remove curse {unknown}
 j - a scroll of fog {unknown}
Potions
 i - a potion of flight
Comestibles
 g - a ration
 m - 3 chunks of flesh


   Skills:
 - Level 2.1 Fighting
 - Level 2.6 Short Blades
 - Level 2.1 Throwing
 * Level 1.9 Dodging
 * Level 7.0 Stealth


You had 2 spell levels left.
You didn't know any spells.
Your spell library was empty.

Dungeon Overview and Level Annotations

Branches:
Dungeon (2/15)

Altars:
Dithmenos


Innate Abilities, Weirdness & Mutations

You are small and have problems with some larger weapons.
You are carnivorous and can eat meat at any time.
You are somewhat resistant to further mutation.
You are resistant to electric shocks. (rElec)
You are occasionally teleported next to monsters.


Message History

It was a potion of mutation.
You feel extremely strange.
You feel weirdly uncertain.
You feel insulated.
You feel genetically stable. The leopard gecko closely misses you.
You hit the leopard gecko.
You kill the leopard gecko!
The gnoll hits you from afar with a +0 spear of venom!
You see here a leopard gecko corpse.
The gnoll barely misses you.
A gnoll comes into view. It is wielding a +0 club.
You hit the gnoll.
The gnoll is lightly wounded.
The gnoll hits you with a +0 spear of venom.
* * * LOW HITPOINT WARNING * * *
You are lethally poisoned!
You hit the gnoll but do no damage.
The gnoll is lightly wounded.
* * * LOW HITPOINT WARNING * * *
You feel sick.
The gnoll hits you with a +0 spear of venom.
You die...

#### #.. #.# #.# #†#
#@# #g#.# #l#.# .#
#K#.##.# #g#.##.#
####g#.##.#
#....#.##.# #
#....#.##.# ...
#####....#.##.###....


You could see 3 gnolls, a leopard gecko and a kobold.

Vanquished Creatures
  An ooze (D:1)
  A worm (D:2)
  A dart slug (D:1)
  3 leopard geckos
  A ball python (D:1)
  A giant cockroach (D:1)
  6 goblins (D:1)
  2 hobgoblins (D:1)
  7 jackals (D:1)
  2 kobolds (D:1)
  4 rats (D:1)
29 creatures vanquished.

Notes
Turn   | Place    | Note
-------+----------+-------------------------------------------
     0 | D:1      | Menchi the Kobold Assassin began the quest for the Orb.
     0 | D:1      | Reached XP level 1. HP: 12/12 MP: 1/1
   236 | D:1      | Reached XP level 2. HP: 17/17 MP: 2/2
   240 | D:1      | Reached skill level 6 in Stealth
   506 | D:1      | Reached XP level 3. HP: 19/21 MP: 3/3
  1210 | D:2      | Found a shadowy altar of Dithmenos.
  1230 | D:2      | Reached skill level 7 in Stealth
  1234 | D:2      | Gained mutation: You are occasionally teleported next to
                  | monsters. [potion of mutation]
  1234 | D:2      | Gained mutation: You are resistant to electric shocks.
                  | (rElec) [potion of mutation]
  1234 | D:2      | Gained mutation: You are somewhat resistant to further
                  | mutation. [potion of mutation]
  1239 | D:2      | Slain by a gnoll

Skill      XL: |  1  2  3 |
---------------+----------+-----
Stealth        | 6 7 |  7.0
Fighting       | |  2.1
Short Blades   | |  2.6
Throwing       | |  2.1
Dodging        | |  1.9

Action                   || total
-------------------------++-------
Melee: Dagger            ||    87
  Use: Potion            ||     2
 Stab: Sleeping          ||     7
  Eat: Chunk             ||     9
Armor: Robe              ||    10
Dodge: Dodged            ||    69
